 Dungeon Crawl Stone Soup version 0.29.1-15-g9cfb28693d (webtiles) character file.

Game seed: 11397290879263173984

8 protoss039 the Digger (level 2, 20/20 HPs)
             Began as a Demonspawn Earth Elementalist on Mar 12, 2023.
             Got out of the dungeon alive.
             The game lasted 00:00:28 (506 turns).

protoss039 the Digger (DsEE)                         Turns: 506, Time: 00:00:29

Health: 20/20      AC:  5    Str:  8    XL:     2   Next: 0%
Magic:  5/5        EV: 10    Int: 16    God:
Gold:   0          SH:  0    Dex: 13    Spells: 4/5 levels left

rFire   . . .      SeeInvis .   c - +0 dagger
rCold   . . .      Faith    .   (no shield)
rNeg    . . .      Spirit   .   f - +0 ring mail
rPois   .          Reflect  .   (helmet restricted)
rElec   .          Harm     .   (no cloak)
rCorr   .          Rampage  .   (no gloves)
Will    .....                   (no boots)
Stlth   +.........              (no amulet)
HPRegen 0.06/turn               (no ring)
MPRegen 0.09/turn               (no ring)

@: no status effects
A: antennae 1
a: no special abilities


You escaped.
You visited 1 branch of the dungeon, and saw 1 of its levels.

Inventory:

Hand Weapons
 c - a +0 dagger (weapon)
Armour
 f - a +0 ring mail (worn)
Scrolls
 d - a scroll of magic mapping {unknown}
 e - 4 scrolls of teleportation {unknown}
Potions
 b - a potion of magic


   Skills:
 + Level 0.7 Fighting
 - Level 1.7 Dodging
 - Level 1.7 Stealth
 + Level 2.2 Spellcasting
 - Level 0.8 Transmutations
 + Level 2.9 Earth Magic


You had 4 spell levels left.
You knew the following spells:

 Your Spells              Type           Power      Damage    Failure   Level
a - Sandblast             Erth           22%        2d7       19%         1

Your spell library contained the following spells:

 Spells                   Type           Power      Damage    Failure   Level
 Passwall                 Tmut/Erth      5%         N/A       41%         2
 Stone Arrow              Conj/Erth      12%        3d7       71%         3
 Petrify                  Tmut/Erth      7%         N/A       96%         4
 Conjure Ball Lightning   Conj/Air       0%         3x3d6     100%        6
 Discord                  Hex            0%         N/A       100%        8
 Disjunction              Tloc           0%         N/A       100%        8


Dungeon Overview and Level Annotations

Branches:
Dungeon (1/15) Zot: 5490

Altars:


Innate Abilities, Weirdness & Mutations

You have a pair of small antennae on your head.


Message History

You kill the bat!
You open the door.
Found a sling.
Casting: Sandblast (safe; 19% risk of failure)
Confirm with . or Enter, or press ? or * to list all spells.
Aiming: Sandblast (safe; 19% risk of failure)
Press: ? - help, Shift-Dir - straight line, f - you That would be overly suicidal.
Okay, then.
Found a stone staircase leading down.
There is an open door here.
No target in view!
Found a ring mail.
No target in view!
There is a stone staircase leading down here.
You open the door.
There is an open door here.
A rat comes into view.
A rat is nearby!
A rat is nearby!
The helpless rat fails to defend itself.
You puncture the rat!
You kill the rat!
You have reached level 2!
Your demonic ancestry asserts itself...
A pair of antennae grows on your head!
There is an open door here.
You open the door.
There is an open door here.
You see here a +0 robe.
There is an open door here.
There is an open door here.
There is an open door here.
There is an open door here.
There is an open door here.
There is an open door here.
There is an open door here.
There is a staircase leading out of the dungeon here.
Are you sure you want to leave the Dungeon?
This will make you lose the game!
You have escaped!

#### ####
##.@##########..## ###
#....#......'....# ..#
#....'......#....# #.#
♣♣##..##########..## #.#
♣♣..#### #'## ..###
♣♣♣...#..# .P... #..#
....#
♣♣.....#..#...P....#..#
..#.#
♣♣......#..#..P...Pl#..#
#.#)#
♣.......#..#.P...P.8#..#


There were no monsters in sight!

Vanquished Creatures
  A giant cockroach (D:1)
  A goblin (D:1)
  A quokka (D:1)
  2 bats (D:1)
  3 rats (D:1)
8 creatures vanquished.

Notes
Turn   | Place    | Note
-------+----------+-------------------------------------------
     0 | D:1      | protoss039 the Demonspawn Earth Elementalist began the
                  | quest for the Orb.
     0 | D:1      | Reached XP level 1. HP: 13/13 MP: 3/3
   390 | D:1      | Gained mutation: You have a pair of small antennae on your
                  | head. [demonic ancestry]
   390 | D:1      | Reached XP level 2. HP: 20/20 MP: 5/5
   506 | D:$      | Got out of the dungeon alive.

Illustrated notes

Levels and vault maps discovered:
D:1:      sevenhm_arrival_forest_fort_large_4, layout_loops_corners,
          serial_bayou_pond_e

Action                   || total
-------------------------++-------
Melee: Dagger            ||    18
 Cast: Sandblast         ||     8
 Stab: Sleeping          ||     1
Armor: Robe              ||     8
       Ring mail         ||     2
Dodge: Dodged            ||    16
